Map: [ESL] Site Delta

Players

Harstem - Winner!

  • Race: Protoss Protoss
  • Spawn Location: 11:00

Bly

  • Race: Zerg Zerg
  • Spawn Location: 5:00

Event: ESL SC2 Masters 2023 Winter (Regional)

VOD

Have the link to the VOD?

Description

Time

  • Played on: Nov. 11, 2023, 9:47 a.m.
  • Length: 8:40

All games in this series

Show
View Real Time Build Order
Export as new Build Order

Harstem Protoss - Winner!

Build Orders: 1 Gate Expand, Proxy Void Ray 

Get SALT Encoding   

  12  0:00  Probe  
  13  0:12  Probe  
  14  0:17  Pylon  
  14  0:24  Probe (Chrono Boost)  
  15  0:36  Probe (Chrono Boost)  
  15  0:38  Gateway  
  16  0:45  Probe (Chrono Boost)  
  16  0:49  Assimilator  
  17  0:51  Probe  
  18  1:03  Probe  
  19  1:15  Probe  
  20  1:30  Nexus  
  20  1:37  Cybernetics Core  
  20  1:39  Probe  
  21  1:47  Assimilator  
  21  1:52  Probe  
  22  2:00  Pylon  
  22  2:04  Probe  
  23  2:15  Adept (Chrono Boost)  
  23  2:18  Probe  
  23  2:21  Stargate  
  26  2:29  Warp Gate  
  26  2:30  Probe  
  26  2:35  Adept (Chrono Boost)  
  27  2:42  Probe x2  
  31  2:48  Shield Battery  
  31  2:54  Probe  
  31  2:58  Probe, Stalker (Chrono Boost)  
  35  3:08  Gateway  
  39  3:21  Probe  
  39  3:22  Void Ray (Chrono Boost)  
  40  3:28  Shield Battery  
  40  3:32  Pylon  
  40  3:37  Stalker  
  42  3:42  Pylon  
  46  3:56  Void Ray (Chrono Boost)  
  47  4:02  Probe  
  47  4:03  Probe  
  48  4:14  Probe  
  48  4:15  Probe  
  50  4:18  Adept  
  50  4:19  Adept  
  50  4:23  Pylon  
  50  4:24  Oracle (Chrono Boost)  
  54  4:27  Probe x2  
  54  4:31  Pylon  
  59  4:39  Probe  
  59  4:43  Probe  
  61  4:46  Pylon  
  61  4:52  Probe  
  62  4:57  Stalker x2  
  62  4:58  Probe  
  67  5:01  Pylon  
  67  5:03  Assimilator  
  67  5:04  Probe  
  67  5:05  Assimilator  
  68  5:10  Probe  
  69  5:16  Probe  
  70  5:23  Nexus, Probe  
  70  5:24  Twilight Council  
  70  5:28  Probe  
  72  5:32  Stalker x2  
  72  5:35  Probe  
  77  5:39  Gateway  
  77  5:46  Probe  
  77  5:49  Pylon  
  78  5:52  Gateway  
  78  5:55  Probe  
  79  5:58  Probe  
  79  6:00  Stalker  
  79  6:03  Blink (Chrono Boost)  
  82  6:07  Probe  
  82  6:09  Stalker  
  82  6:10  Probe  
  86  6:11  Pylon  
  84  6:20  Probe  
  84  6:22  Probe  
  84  6:24  Stalker  
  84  6:32  Probe  
  81  6:33  Stalker  
  81  6:34  Probe  
  82  6:45  Stalker  
  82  6:46  Probe x2  
  80  6:47  Stalker x2  
  80  6:50  Probe  
  85  6:57  Stalker  
  85  6:58  Probe x2  
  89  7:02  Probe  
  90  7:10  Probe  
  90  7:11  Gateway, Stalker x2  
  90  7:13  Gateway  
  95  7:17  Stalker  
  95  7:18  Shield Battery  
  97  7:24  Probe  
  97  7:25  Stalker  
  100  7:30  Gateway  
  100  7:33  Dark Shrine  
  100  7:37  Stalker x2  
  104  7:47  Stalker  
  106  7:53  Stalker  
  106  8:01  Stalker x2  
  107  8:06  Stalker  
  107  8:07  Nexus  
  101  8:13  Probe (Chrono Boost), Stalker x2  
  101  8:14  Probe (Chrono Boost)  
  104  8:20  Probe (Chrono Boost)  
  104  8:23  Probe x2 (Chrono Boost)  
  104  8:24  Stalker x2  
  110  8:27  Probe (Chrono Boost)  
  110  8:28  Probe (Chrono Boost)  
  111  8:36  Stalker x3  
Show
View Real Time Build Order
Export as new Build Order

Bly Zerg 

Build Orders: Hatch First, Swarm Host 

Get SALT Encoding   

  12  0:00  Drone  
  13  0:12  Overlord  
  13  0:17  Drone  
  14  0:30  Drone x2  
  16  0:40  Drone  
  17  0:52  Drone  
  18  1:08  Hatchery  
  17  1:18  Drone x2, Spawning Pool  
  19  1:22  Extractor  
  19  1:23  Drone  
  18  1:31  Drone  
  19  1:35  Extractor  
  18  1:40  Drone  
  20  1:56  Hatchery  
  19  2:05  Zergling x2, Queen  
  22  2:13  Overlord  
  22  2:21  Queen  
  24  2:24  Drone  
  24  2:26  Drone  
  26  2:30  Drone  
  26  2:33  Drone  
  28  2:37  Drone  
  28  2:43  Metabolic Boost  
  29  2:46  Drone  
  30  2:52  Drone  
  30  2:56  Overlord  
  31  3:02  Lair  
  31  3:07  Drone x2  
  33  3:14  Queen  
  33  3:18  Drone  
  36  3:31  Spore Crawler  
  36  3:32  Drone x3  
  36  3:33  Drone x3  
  41  3:36  Zergling x2  
  41  3:37  Zergling x2  
  43  3:41  Drone  
  43  3:42  Drone  
  43  3:44  Drone  
  43  3:45  Zergling x2  
  47  3:49  Spore Crawler  
  46  4:01  Drone  
  46  4:02  Overlord  
  47  4:08  Overlord  
  46  4:10  Extractor  
  46  4:11  Drone x3, Extractor  
  46  4:12  Extractor  
  46  4:17  Drone x3  
  48  4:19  Nydus Network  
  45  4:25  Drone  
  45  4:30  Spore Crawler x2  
  44  4:35  Zergling x4  
  44  4:36  Infestation Pit  
  45  4:44  Overlord x2  
  45  4:50  Drone x6  
  45  4:52  Drone  
  50  5:02  Drone x2  
  50  5:04  Drone  
  53  5:07  Overseer  
  53  5:13  Zergling x2  
  53  5:14  Zergling x2  
  55  5:15  Hatchery  
  55  5:18  Swarm Host x3  
  62  5:23  Swarm Host  
  62  5:27  Overlord x2  
  65  5:30  Overlord  
  65  5:33  Overlord  
  64  5:36  Overlord  
  64  5:45  Nydus Canal  
  64  5:47  Swarm Host  
  64  5:49  Overlord  
  67  5:56  Swarm Host  
  67  5:57  Swarm Host x2  
  76  6:07  Zergling x12  
  82  6:14  Overlord  
  78  6:33  Overlord x2  
  78  6:34  Overlord x2  
  75  6:45  Overlord x2  
  71  6:48  Spore Crawler  
  71  6:50  Nydus Canal  
  71  6:51  Queen  
  71  6:53  Queen  
  74  6:59  Zergling x8  
  78  7:03  Zergling x2  
  78  7:05  Zergling x4  
  79  7:09  Nydus Canal  
  79  7:13  Spine Crawler  
  79  7:14  Zergling x6  
  81  7:23  Zergling x2  
  81  7:27  Zergling x2  
  81  7:28  Zergling x2  
  82  7:37  Spine Crawler  
  82  7:41  Zergling x2  
  82  7:43  Zergling x4  
  81  7:48  Nydus Canal  
  81  7:51  Zergling x4  
  82  7:52  Queen x2  
  82  7:55  Infestor  
  82  7:57  Hatchery  
  87  8:01  Zergling x12  
  88  8:07  Roach Warren  
  88  8:11  Zergling x6  
  86  8:15  Spine Crawler  
  86  8:16  Spine Crawler  
Tags
 
Add a new tag
Caveats
  • Supply blocks, unpowered buildings, or Contaminate may cause inaccurate times.
  • Supply counts are checked every 10 seconds.